cohdb
Replays
Latest Replays
All Replays
Popular Replays
Top Player Replays
Match Explorer
How It Works
Community
CoH3 Stats
Reddit
Sign in to upload your games and track your stats! →
Sign in with Steam
Match 47129181
Unlisted
Match 47129181
Overview
Messages
Build Orders
End
Construct Barracks
Selects Special Operations Battlegroup
Selects M29 Weasel Recon Vehicle
Riflemen Squad
Riflemen Squad
M1 Mortar Team
Air Support Center
Construct Weapon Support Center
M3 Armored Personnel Carrier
Grasshopper Recon Run
Riflemen Squad
P-47 Strafing Run
Grasshopper Recon Run
Engineer Squad
P-47 Strafing Run
Construct Tank Depot
Grasshopper Recon Run
Bazooka Squad
Grenade Package
Grasshopper Recon Run
Selects P-47 Anti-Infantry Loiter
Selects UNKNOWN (2162291)
M18 Hellcat Tank Destroyer
Selects Raiding Flares
M4A1 Sherman Whizbang
M4(105) Sherman Bulldozer
Grasshopper Recon Run
P-47 Strafing Run
Selects SSF Commando Squad
M18 Hellcat Tank Destroyer
.30 cal Machine Gun
P-47 Dive Bomb
Selects Air Re-supply Operation
Air Re-Supply Operation
M4A1 Sherman Medium Tank
Grasshopper Recon Run
M4A1 Sherman Medium Tank
Grasshopper Recon Run
P-47 Strafing Run
SSF Commando Squad
M18 Hellcat Tank Destroyer
SSF Commando Squad
P-47 Dive Bomb
Engineer Squad
P-47 Strafing Run
P-47 Dive Bomb
Grasshopper Recon Run
M4A1 Sherman Whizbang
M4A1 Sherman Medium Tank
Hannibal Barca
Silent Hunter
BubuBeer
Field marshal Prince
Kaine
MiKe^
GetBack
БЫКОВ СУКА
0
0
Comments
sign in to comment!
No comments posted yet!